Map: Point du jour EC (Void)

Players

diamadoshi - Winner!

  • Race: Terran Terran
  • League: Diamond
  • Spawn Location: 1:00

yeeeeeeeeeee

  • Race: Protoss Protoss
  • League: Diamond
  • Spawn Location: 7:00

VOD

Have the link to the VOD?

Description

Time

  • Played on: Jan. 19, 2017, 3:14 a.m.
  • Length: 11:48
Show
View Real Time Build Order
Export as new Build Order

diamadoshi Terran - Winner!

Build Orders: MMM Bio 

Get SALT Encoding   

  12  0:01  SCV  
  13  0:13  SCV  
  14  0:18  Supply Depot  
  14  0:25  SCV  
  15  0:39  SCV  
  15  0:41  Barracks  
  16  0:51  SCV  
  17  1:03  SCV  
  18  1:17  Refinery  
  18  1:27  Orbital Command  
  18  1:35  Command Center  
  18  1:39  Marine  
  19  1:49  Barracks  
  19  1:53  SCV  
  20  2:05  SCV  
  21  2:13  Barracks Reactor  
  21  2:16  Supply Depot  
  21  2:18  SCV  
  22  2:30  SCV  
  23  2:42  SCV  
  24  2:45  Bunker, Barracks Tech Lab  
  24  2:50  Barracks, Orbital Command  
  24  2:53  Marine x2  
  24  2:57  SCV  
  27  3:06  Stimpack  
  27  3:11  Refinery  
  27  3:14  Engineering Bay  
  27  3:15  SCV  
  27  3:19  SCV  
  29  3:27  SCV  
  29  3:28  Marine x2  
  29  3:31  SCV  
  33  3:38  Barracks Reactor  
  33  3:39  SCV  
  34  3:44  SCV  
  34  3:45  Missile Turret  
  35  3:48  Marine x2, Missile Turret  
  35  3:51  SCV  
  35  3:55  Supply Depot  
  38  3:58  Supply Depot  
  38  3:59  SCV  
  39  4:03  SCV  
  40  4:11  SCV, Factory  
  40  4:15  SCV  
  42  4:23  SCV  
  43  4:27  Terran Infantry Weapons Level 1  
  43  4:31  SCV  
  43  4:32  Marine x4  
  43  4:33  Marine  
  43  4:36  SCV  
  50  4:45  Supply Depot  
  50  4:46  SCV  
  50  4:48  SCV  
  50  4:50  Marine x2  
  54  4:58  Marine x3  
  54  4:59  SCV, Starport  
  58  5:00  SCV  
  58  5:01  Factory Reactor  
  59  5:07  Combat Shields, Marine  
  59  5:08  Marine  
  59  5:11  SCV  
  59  5:12  SCV  
  63  5:15  Marine  
  63  5:16  Marine, Supply Depot  
  63  5:20  Supply Depot  
  65  5:23  SCV  
  65  5:24  Supply Depot  
  65  5:26  Marine x3  
  65  5:28  SCV  
  70  5:37  Marine x2  
  70  5:38  SCV  
  70  5:42  SCV  
  74  5:44  Marine x2  
  74  5:47  Marine  
  77  5:50  SCV  
  77  5:51  Medivac x2  
  77  5:54  SCV  
  77  5:55  Marine x2  
  85  6:02  Marine x2  
  87  6:05  Command Center  
  87  6:07  Marine, Supply Depot  
  87  6:09  Supply Depot  
  88  6:13  Marine x2  
  90  6:19  Barracks  
  90  6:20  Barracks  
  90  6:22  Terran Infantry Armor Level 1  
  90  6:30  SCV x2, Armory  
  90  6:31  Engineering Bay  
  92  6:33  Refinery  
  92  6:34  Refinery  
  92  6:36  Marine  
  92  6:37  Marine, Marauder  
  92  6:38  Marine  
  97  6:42  SCV x2  
  97  6:45  Supply Depot  
  99  6:50  Medivac x2  
  103  6:54  SCV  
  81  7:26  Barracks Tech Lab  
  81  7:27  Marine, Barracks Reactor  
  81  7:28  Marine x3, Marauder  
  77  7:45  Marine x2, Marauder  
  77  7:47  SCV x2  
  77  7:49  Marauder  
  77  7:50  Planetary Fortress  
  85  7:55  Missile Turret  
  85  7:56  Marine x2  
  87  7:59  SCV x2  
  89  8:07  Marauder  
  89  8:11  Marauder  
  93  8:14  Liberator  
  93  8:18  SCV x2  
  95  8:26  Terran Infantry Weapons Level 2  
  95  8:28  Marine x3  
  95  8:29  Marine x3, Marauder  
  95  8:30  SCV x2  
  95  8:32  Marauder  
  95  8:34  Supply Depot  
  110  8:35  Supply Depot  
  110  8:41  Terran Infantry Armor Level 2  
  110  8:46  Marine x4  
  114  8:49  Marine x2  
  114  8:50  Marauder  
  114  8:53  Liberator, Marauder  
  110  9:04  Marine x4  
  110  9:07  Marine x2  
  116  9:11  Marauder  
  116  9:15  Marauder  
  123  9:20  Liberator  
  123  9:21  Starport, Supply Depot  
  123  9:24  Barracks, Marine x3  
  123  9:25  Marine x2  
  123  9:26  Barracks  
  123  9:27  Supply Depot  
  128  9:32  Refinery  
  128  9:33  Refinery, Marauder  
  128  9:34  Factory Reactor  
  128  9:35  Marine  
  128  9:36  Marauder  
  136  9:42  Marine x2  
  138  9:54  Marauder  
  138  9:58  Marauder  
  129  10:13  Marine x6  
  129  10:14  Widow Mine x2  
  128  10:15  Marauder  
  128  10:19  Marauder  
  136  10:30  Marine  
  136  10:31  Marine x3  
  140  10:37  Marauder  
  140  10:40  Marauder  
  144  10:43  Marine x2  
  144  10:48  Marine  
  143  10:58  Marauder  
  143  11:02  Marauder  
  143  11:03  Marine  
  143  11:04  Marine x4  
  134  11:06  Marine  
  125  11:20  Marauder  
  125  11:21  Marine x2  
  125  11:22  Marine x3  
  125  11:23  Marauder  
  125  11:24  Marine  
  130  11:32  Barracks Tech Lab  
  134  11:38  Barracks Reactor  
  138  11:45  Supply Depot  
  138  11:46  Supply Depot x2  
Show
View Real Time Build Order
Export as new Build Order

yeeeeeeeeeee Protoss 

Build Orders: Nexus First 

Get SALT Encoding   

  12  0:01  Probe (Chrono Boost)  
  13  0:11  Probe (Chrono Boost)  
  14  0:19  Pylon  
  14  0:22  Probe (Chrono Boost)  
  15  0:37  Probe (Chrono Boost)  
  16  0:55  Nexus  
  16  1:05  Gateway  
  16  1:08  Probe (Chrono Boost)  
  17  1:14  Assimilator  
  17  1:19  Probe (Chrono Boost)  
  18  1:29  Probe (Chrono Boost)  
  19  1:33  Pylon  
  19  1:40  Gateway  
  19  1:41  Probe (Chrono Boost)  
  20  1:53  Cybernetics Core  
  20  1:55  Probe (Chrono Boost)  
  21  2:01  Zealot  
  21  2:07  Probe (Chrono Boost)  
  24  2:12  Probe (Chrono Boost)  
  25  2:18  Probe (Chrono Boost)  
  26  2:26  Assimilator  
  26  2:27  Warp Gate  
  26  2:28  Probe (Chrono Boost)  
  27  2:31  Stalker  
  29  2:39  Probe (Chrono Boost), Stalker  
  32  2:47  Probe (Chrono Boost)  
  32  2:50  Probe (Chrono Boost)  
  34  2:57  Stalker  
  35  2:59  Probe (Chrono Boost)  
  35  3:02  Probe (Chrono Boost)  
  38  3:11  Robotics Facility  
  38  3:13  Pylon  
  38  3:16  Probe (Chrono Boost)  
  38  3:18  Stalker  
  39  3:25  Probe (Chrono Boost)  
  42  3:37  Probe (Chrono Boost)  
  42  3:38  Gateway  
  42  3:39  Mothership Core (Chrono Boost)  
  45  3:43  Pylon  
  46  3:49  Probe (Chrono Boost)  
  46  3:57  Observer  
  48  4:03  Probe (Chrono Boost)  
  48  4:04  Assimilator  
  48  4:06  Assimilator, Gateway  
  48  4:10  Gateway  
  48  4:12  Probe (Chrono Boost)  
  48  4:14  Pylon  
  48  4:15  Probe (Chrono Boost)  
  50  4:18  Observer  
  52  4:25  Probe (Chrono Boost)  
  52  4:29  Pylon  
  52  4:30  Probe (Chrono Boost)  
  54  4:39  Probe (Chrono Boost)  
  54  4:42  Probe (Chrono Boost)  
  55  4:48  Twilight Council  
  55  4:49  Zealot x3  
  55  4:50  Pylon  
  55  4:51  Probe (Chrono Boost)  
  62  4:57  Immortal  
  63  5:00  Probe (Chrono Boost)  
  67  5:25  Blink  
  67  5:26  Probe (Chrono Boost)  
  68  5:29  Pylon, Stalker x2  
  72  5:36  Immortal  
  72  5:39  Probe (Chrono Boost)  
  77  5:46  Forge x2  
  77  5:51  Stalker  
  77  5:52  Probe (Chrono Boost)  
  80  6:00  Stalker  
  82  6:17  Sentry x2  
  86  6:22  Nexus, Immortal  
  86  6:23  Sentry  
  86  6:24  Pylon  
  92  6:36  Stalker  
  94  6:42  Pylon  
  94  6:43  Stalker  
  94  6:44  Pylon  
  96  6:50  Stalker  
  96  6:51  Stalker  
  89  7:13  Stalker x3  
  71  7:25  Stalker x2  
  71  7:29  Protoss Ground Armor Level 1  
  65  7:36  Charge  
  65  7:39  Probe x2 (Chrono Boost)  
  65  7:41  Protoss Ground Weapons Level 1  
  67  7:50  Nexus, Zealot x4  
  76  7:51  Probe (Chrono Boost)  
  76  7:52  Pylon  
  76  7:56  Sentry  
  78  8:12  Stalker x4  
  86  8:21  Photon Cannon  
  86  8:24  Photon Cannon  
  86  8:25  Stalker  
  88  8:35  Stalker  
  88  8:36  Stalker x2  
  88  8:59  Stalker x2  
  88  9:00  Stalker x2  
  80  9:09  Probe (Chrono Boost), Immortal  
  75  9:10  Probe (Chrono Boost)  
  79  9:19  Zealot  
  79  9:24  Zealot x4  
  83  9:27  Probe (Chrono Boost)  
  90  9:38  Probe (Chrono Boost)  
  91  9:45  Zealot x2  
  93  9:46  Zealot x3  
  68  10:08  Zealot x5  
  76  10:24  Templar Archives  
  76  10:33  Gateway  
  76  10:35  Pylon  
  76  10:37  Zealot x4  
  76  10:40  Zealot  
  74  11:00  Zealot x4  
  57  11:14  High Templar  
  47  11:21  High Templar x2  
  47  11:22  Zealot  
  40  11:34  Archon  
  36  11:42  High Templar x2  
Tags
 
Add a new tag
Caveats
  • Supply blocks, unpowered buildings, or Contaminate may cause inaccurate times.
  • Supply counts are checked every 10 seconds.